 Dungeon Crawl Stone Soup version 0.21-a0-634-gaf8bc5d (webtiles) character file.

595 shenanigans the Skirmisher (level 7, -2/55 HPs)
             Began as a Barachi Skald on Dec 29, 2017.
             Was a Follower of Cheibriados.
             Slain by a gnoll sergeant
             ... wielding a +2 trident of venom
              (8 damage)
             ... on level 3 of the Dungeon.
             The game lasted 00:12:36 (4962 turns).

shenanigans the Skirmisher (Barachi Skald)          Turns: 4962, Time: 00:12:37

Health: -2/55      AC:  9    Str: 16    XL:     7   Next: 40%
Magic:  10/10      EV:  7    Int: 18    God:    Cheibriados [*.....]
Gold:   197        SH: 12    Dex: 14    Spells: 7/10 levels left

rFire    . . .     SeeInvis +   m - +2 hand axe (flame)
rCold    . . .     Gourm    .   q - +0 large shield
rNeg     . . .     Faith    .   u - +0 scale mail
rPois    .         Spirit   .   (no helmet)
rElec    .         Reflect  .   e - +0 cloak
rCorr    .         Harm     .   w - +0 pair of gloves
MR       .....                  (no boots)
Stlth    ..........             (no amulet)
HPRegen  0.18/turn              f - ring of see invisible
MPRegen  0.12/turn              (no ring)

@: lethally poisoned (-2 -> -7), very slow
A: +LOS, swims, slowness 1, strong legs 1
a: Hop, Bend Time, Renounce Religion


You were on level 3 of the Dungeon.
You worshipped Cheibriados.
Cheibriados was aware of your devotion.
You were very hungry.

You visited 1 branch of the dungeon, and saw 4 of its levels.

You collected 197 gold pieces.

Inventory:

Hand Weapons
 a - a +0 hand axe
 m - a +2 hand axe of flaming (weapon)
 r - a +1 mace of holy wrath
Armour
 b - a +0 leather armour
 e - a +0 cloak (worn)
 g - a +0 ring mail
 j - a +0 ring mail of cold resistance
 q - a +0 large shield (worn)
 u - a +0 scale mail (worn)
 w - a +0 pair of gloves (worn)
Jewellery
 f - a ring of see invisible (left hand)
Scrolls
 c - 5 scrolls of teleportation
 h - 2 scrolls of enchant weapon
 i - 2 scrolls of amnesia {unknown}
 k - 5 scrolls of remove curse
 l - a scroll of blinking
 n - a scroll of identify
 o - a scroll of immolation {unknown}
 t - a scroll of magic mapping
Books
 s - a book of Minor Magic

   Spells                             Type                      Level
   a - Magic Dart                     Conjuration                  1
   b - Blink                          Translocation                2
   c - Call Imp                       Summoning                    2
   d - Slow                           Hexes                        2
   e - Conjure Flame                  Conjuration/Fire             3
   f - Mephitic Cloud                 Conjuration/Poison/Air       3
Comestibles
 d - 5 rations


   Skills:
 + Level 4.7 Fighting
 + Level 4.3 Axes
 + Level 4.2 Armour
 + Level 4.3 Dodging
 * Level 2.5 Shields
 - Level 2.1 Spellcasting
 - Level 3.2 Charms
 + Level 1.3 Invocations


You had 7 spell levels left.
You knew the following spells:

 Your Spells              Type           Power        Failure   Level  Hunger
a - Infusion              Chrm           ##..         96%         1    #......
b - Song of Slaying       Chrm           ##......     99%         2    ###....


Dungeon Overview and Level Annotations

Branches:
Dungeon (4/15)
 Temple: D:4-7

Altars:
Ashenzari
Cheibriados
Dithmenos
Elyvilon
Makhleb
Qazlal
Trog
Xom
Yredelemnul

Annotations:
D:4 1 runed door


Innate Abilities, Weirdness & Mutations

Shadows flee at your approach. (+LOS)
You can swim through water.
You cover ground slowly.
You can hop short distances.


Message History

You feel sick. The gnoll sergeant barely misses you.
You hit the gnoll sergeant but do no damage.
The gnoll sergeant is heavily wounded.
The gnoll sergeant hits you with a trident of venom.
* * * LOW HITPOINT WARNING * * *
You are more poisoned.
You hit the gnoll sergeant. You burn the gnoll sergeant.
The gnoll sergeant is severely wounded.
* * * LOW HITPOINT WARNING * * *
You feel sick. You block the gnoll sergeant's attack.
You hit the gnoll sergeant but do no damage.
The gnoll sergeant is severely wounded.
* * * LOW HITPOINT WARNING * * *
You feel sick. You block the gnoll sergeant's attack.
You hit the gnoll sergeant but do no damage.
The gnoll sergeant is severely wounded.
* * * LOW HITPOINT WARNING * * *
You feel sick.
The gnoll sergeant hits you with a trident of venom!
You die...

#######
###########.....#
##...............#
.#...............#
.#...............#
.#...............#
#####........###.#
#####.##########g#####
...<...........)@)...#
....#.###..#.#######.#
....#......#.#....##.#
....#.####.#.###..##.#
##.##.# #.#......##.#
##.##.# #.######.##.#
##.##.# #.#....#.##.#
.#.##.####......#.##.#
.#.##.#......####.##.#


You could see a gnoll sergeant.

Vanquished Creatures
  Sigmund (D:2)
  An ogre (D:4)
  A crimson imp (D:4)
  2 hounds
  2 worker ants
  4 adders
  6 gnolls
  A howler monkey skeleton (D:4)
  An ooze (D:1)
  2 worms
  2 dart slugs
  4 leopard geckos
  5 orcs (D:3)
  10 bats
  6 giant cockroaches
  5 goblins
  8 hobgoblins
  7 jackals
  7 kobolds
  A quokka (D:2)
  6 ball pythons
  4 frilled lizards
  A leopard gecko skeleton (D:4)
  6 rats
93 creatures vanquished.

Notes
Turn   | Place    | Note
-------+----------+-------------------------------------------
     0 | D:1      | shenanigans the Barachi Skald began the quest for the Orb.
     0 | D:1      | Reached XP level 1. HP: 17/17 MP: 3/3
   218 | D:1      | Reached XP level 2. HP: 23/23 MP: 5/5
   235 | D:1      | Learned a level 2 spell: Song of Slaying
   699 | D:1      | Reached XP level 3. HP: 23/28 MP: 6/6
   799 | D:1      | Found a shimmering altar of Xom.
   821 | D:1      | Found a bloodstained altar of Trog.
   821 | D:1      | Found a shadowy altar of Dithmenos.
   822 | D:1      | Found a basalt altar of Yredelemnul.
   822 | D:1      | Found a white marble altar of Elyvilon.
   822 | D:1      | Found a stormy altar of Qazlal.
  1703 | D:2      | Reached XP level 4. HP: 15/35 MP: 7/7
  1969 | D:2      | Found a shattered altar of Ashenzari.
  1990 | D:2      | Noticed Sigmund
  2015 | D:2      | Killed Sigmund
  2015 | D:2      | Reached XP level 5. HP: 4/42 MP: 8/8
  2015 | D:2      | Reached XP level 6. HP: 5/48 MP: 9/9
  3039 | D:3      | Found a stormy altar of Qazlal.
  3042 | D:3      | Found a snail-covered altar of Cheibriados.
  3048 | D:3      | Became a worshipper of Cheibriados the Contemplative
  3116 | D:3      | Found a burning altar of Makhleb.
  3357 | D:3      | Reached skill level 1 in Shields
  3486 | D:3      | Reached * piety under Cheibriados
  4065 | D:4      | Found a runed door.
  4135 | D:4      | Reached skill level 1 in Invocations
  4135 | D:4      | Reached XP level 7. HP: 21/55 MP: 10/10
  4962 | D:3      | Slain by a gnoll sergeant

Vault maps used:
D:1:      lightli_arrival_maybe_door_vault, minmay_hedge_maze,
          doesnt_xom_only_xom
D:2:      ashenzari_altar_1, uniq_sigmund
D:3:      makhleb_blood_cavern_becter, minitemple, minmay_misc_feat_rows
D:4:      first_ration, uniq_crazy_yiuf_cottage, uniq_menkaure

Skill      XL: |  1  2  3  4  5  6 |
---------------+-------------------+-----
Armour         | 2 3 4 |  4.2
Fighting       | 3 4 |  4.7
Dodging        | 3 4 |  4.3
Axes           | 3 4 |  4.3
Shields        | 2 |  2.5
Invocations    | 1 |  1.3
Spellcasting   | |  2.1
Charms         | |  3.2

Action                   |  1- 3 |  4- 6 |  7- 9 || total
-------------------------+-------+-------+-------++-------
Melee: Hand axe          |   112 |   162 |    28 ||   302
       Mace              |     7 |    49 |       ||    56
 Cast: Infusion          |     7 |       |       ||     7
 Abil: Hop               |       |     1 |     1 ||     2
  Use: Scroll            |     6 |     1 |       ||     7
       Potion            |       |     2 |     1 ||     3
  Eat: Chunk             |     3 |     8 |       ||    11
Armor: Leather armour    |    13 |       |       ||    13
       Ring mail         |    38 |    79 |       ||   117
       Skin              |       |    15 |       ||    15
       Scale mail        |       |     8 |    15 ||    23
Dodge: Dodged            |    91 |    90 |    15 ||   196
Block: Large shield      |       |    99 |    28 ||   127

Table legend:
 A = Spawn XP
 B = Non-spawn XP
 C = Spawn XP percentage of total XP
 D = Spawn monster count
 E = Non-spawn monster count
 F = Spawn count percentage of total count
 G = Total turns spent on level
                    A         B        C        D         E        F      G
               +---------+---------+-------+---------+---------+-------+---------
         Total |       0 |     851 |   0.0 |       0 |      93 |   0.0 |  4962
               +---------+---------+-------+---------+---------+-------+---------
           D:1 |       0 |      55 |   0.0 |       0 |      29 |   0.0 |  1444
           D:2 |       0 |     273 |   0.0 |       0 |      17 |   0.0 |  1239
           D:3 |       0 |     173 |   0.0 |       0 |      33 |   0.0 |  1393
           D:4 |       0 |     350 |   0.0 |       0 |      14 |   0.0 |   886
               +---------+---------+-------+---------+---------+-------+---------
